[Event "*** Titled Tuesday Blitz"]
[Site "Chess.com"]
[Date "2020.04.07"]
[Round "2"]
[White "Faqade"]
[Black "Antipov_Mikhail_Al"]
[Result "1-0"]
[WhiteElo "2616"]
[BlackElo "2947"]
[TimeControl "180+1"]
[EndTime "13:18:44 PDT"]
[Termination "Faqade won by resignation"]

1. e4 e5 2. Nf3 Nc6 3. Nc3 Nf6 4. d4 exd4 5. Nxd4 Bb4 6. Nxc6 bxc6 7. Bd3 d5 8. exd5 cxd5 9. O-O O-O 10. Qf3 c6 11. Bg5 Be7 12. Rae1 h6 13. Bf4 Nd7 14. Nd1 Nc5 15. Be5 Re8 16. Qg3 Ne6 17. Bf5 Bf8 18. Ne3 Ng5 19. Bc7 Qf6 20. Ng4 Qxf5 21. Rxe8 Qd7 22. Rfe1 h5 23. Bd6 Qxg4 24. Rxf8+ Kh7 25.
Qxg4 hxg4 26. Ree8 Ne4 1-0

[Event "*** Titled Tuesday Blitz"]
[Site "Chess.com"]
[Date "2020.04.07"]
[Round "2"]
[White "Tayson_7"]
[Black "SerGo055"]
[Result "0-1"]
[WhiteElo "2717"]
[BlackElo "2516"]
[TimeControl "180+1"]
[EndTime "13:18:44 PDT"]
[Termination "SerGo055 won by resignation"]

1. e4 d5 2. exd5 Qxd5 3. Nc3 Qd8 4. d4 Nf6 5. h3 c6 6. Nf3 Bf5 7.
Bc4 e6 8. O-O Be7 9. Re1 O-O 10.
Ne2 Nbd7 11. Ng3 Bg6 12. c3 Nd5 13. Qe2 b5 14. Bb3 a6 15. Ne5 Nxe5 16. dxe5 c5 17. c4 Nb4 18. Rd1 Qb6 19. Qg4 bxc4 20. Bxc4 Nc2 21.
h4 Nxa1 22. h5 Nc2 23. hxg6 hxg6 24. Ne4 Rfd8 25. g3 Rxd1+ 26. Qxd1 Nd4 27. Kg2 Qc6 28. Qg4 Rd8 29. f3 Nf5 30. b3 Rd1 31. Bg5 Bxg5 32.
Qxg5 Qd7 33. g4 Qd4 34. Nf2 Ne3+ 35. Kg3 Rg1+ 36. Kh3 Nf1 37. Bxf1 Qxf2 0-1

[Event "*** Titled Tuesday Blitz"]
[Site "Chess.com"]
[Date "2020.04.07"]
[Round "2"]
[White "Etoilegeniale"]
[Black "Gabix_94"]
[Result "0-1"]
[WhiteElo "2485"]
[BlackElo "2886"]
[TimeControl "180+1"]
[EndTime "13:18:44 PDT"]
[Termination "Gabix_94 won on time"]

1. e4 c5 2. Nf3 e6 3. c3 d5 4.
exd5 Qxd5 5. d4 Nf6 6. Na3 a6 7. Nc2 Nbd7 8. Bd3 Qc6 9. O-O Bd6 10. Qe2 Qc7 11. Bg5 O-O 12. dxc5 Nxc5 13. Bxf6 gxf6 14.
Ncd4 Kh8 15. Bc2 Rg8 16. g3 b5 17. Rad1 Bb7 18. Nh4 Rg5 19. Qe3 Bf4 20. Qe1 Rag8 21. Ne2 Qc6 22. f3 Bb8 23. Ng2 Qb6 24. Kh1 a5 25. Qf2 b4 26. cxb4 axb4 27. Nef4 Qa5 28. Bb1 e5 29. Nd5 Qa6 30. Qxc5 e4 31. fxe4 Bxg3 32. hxg3 Rxg3 33. Rf2 Qe6 34. Ngf4 Qg4 35. Rh2 Qxd1+ 0-1

[Event "*** Titled Tuesday Blitz"]
[Site "Chess.com"]
[Date "2020.04.07"]
[Round "2"]
[White "NIGWAPO"]
[Black "zivicd"]
[Result "1-0"]
[WhiteElo "2583"]
[BlackElo "2305"]
[TimeControl "180+1"]
[EndTime "13:18:44 PDT"]
[Termination "NIGWAPO won on time"]

1. g3 g6 2. h4 h5 3. Nh3 Bg7 4. Bg2 Nf6 5. O-O O-O 6. d3 e5 7. c4 d6 8. Nc3 Nc6 9. Ng5 Bg4 10. Rb1 a5 11. a3 Qc8 12. b4 axb4 13. axb4 Nd4 14.
Be3 Ra3 15. Bxd4 exd4 16. Nb5 Ra2 17. Nxd4 Nh7 18. Ndf3 Re8 19. Nxh7 Kxh7 20. e4 Kg8 21. Qb3 Qa8 22. Ng5 Qa3 23. c5 Qxb3 24. Rxb3 b6 25. Bf3 Bd7 26. cxd6 cxd6 27. Bg2 Ba4 28. Rbb1 Bc2 29.
Rbc1 Bxd3 30. Rfd1 Be2 31. Rxd6 Bb5 32. f4 Ba4 33. e5 Bb3 34. Rc3 Ba4 35. Bd5 Ra1+ 36.
Kf2 Rf8 37. Nxf7 Kh7 38. Ng5+ Kh6 39. Kg2 Rd1 40. Ne6 Rb8 41. Nxg7 Kxg7 42. Rc7+ Kh6 43.
Be4 Rxd6 44. exd6 Rd8 45. Ra7 Bb5 46. d7 Rxd7 47. Rxd7 Bxd7 48. Kf3 Kg7 49. Ke3 Kf6 50. Kd4 Be8 51. Kd5 1-0

[Event "*** Titled Tuesday Blitz"]
[Site "Chess.com"]
[Date "2020.04.07"]
[Round "2"]
[White "boo786"]
[Black "H3nriqueTV"]
[Result "0-1"]
[WhiteElo "2416"]
[BlackElo "2172"]
[TimeControl "180+1"]
[EndTime "13:18:44 PDT"]
[Termination "H3nriqueTV won by resignation"]

1. e4 c5 2. Nf3 b6 3. d4 cxd4 4. Nxd4 Bb7 5. Nc3 a6 6. Be3 e6 7. Bd3 Qc7 8. O-O Nf6 9. Qe2 d6 10. f4 Be7 11. Rad1 O-O 12. f5 e5 13. Nb3 b5 14. a3 Nbd7 15. g4 d5 16. g5 Nxe4 17.
Bxe4 dxe4 18. Nd5 Bxd5 19. Rxd5 Nb6 20. Rdd1 Nc4 21. f6 Bd6 22. c3 Nxe3 23. Qxe3 g6 24. Qxe4 Rfd8 25. Rd5 Bf8 26. Rfd1 Rxd5 27. Rxd5 Rd8 28.
Nd2 Qb6+ 29. Kg2 Rxd5 30. Qxd5 Qe3 31. Ne4 Qe2+ 32. Kg1 Qxb2 33. Nd6 Qc1+ 34. Kf2 Qf4+ 35. Ke2 Qg4+ 36. Kf2 Qd7 0-1

[Event "*** Titled Tuesday Blitz"]
[Site "Chess.com"]
[Date "2020.04.07"]
[Round "2"]
[White "TwentyHoursADay"]
[Black "fmshawnrl123"]
[Result "0-1"]
[WhiteElo "2430"]
[BlackElo "2724"]
[TimeControl "180+1"]
[EndTime "13:18:45 PDT"]
[Termination "fmshawnrl123 won by resignation"]

1. c4 Nf6 2. Nc3 e6 3. e4 d5 4. e5 d4 5. exf6 dxc3 6. bxc3 gxf6 7. Nf3 b6 8. d4 Bb7 9. g3 Nd7 10. Bg2 Bd6 11. Rb1 Be4 12. Rb3 h5 13. Qe2 Bb7 14.
c5 Be7 15. O-O a5 16. c4 a4 17. Rb1 Rb8 18. c6 Bxc6 19. d5 exd5 20. Nd4 Bb7 21.
Nf5 Ne5 22. f4 Ng6 23. Re1 d4 24. Ba3 c5 25. Nxe7 Nxe7 26. Rxb6 d3 27. Qxe7+ Qxe7 28. Rxe7+ Kxe7 29. Bxc5+ Kd7 30. Rxb7+ Rxb7 31. Bxb7 d2 32. Bf3 Re8 33. Bxh5 Re1+ 34. Kf2 d1=Q 35. Bxd1 Rxd1 36. a3 Rc1 37. Kf3 Rxc4 38. Bb4 Rxb4 0-1

[Event "*** Titled Tuesday Blitz"]
[Site "Chess.com"]
[Date "2020.04.07"]
[Round "2"]
[White "BeanScreen"]
[Black "Hikaru"]
[Result "0-1"]
[WhiteElo "2628"]
[BlackElo "3264"]
[TimeControl "180+1"]
[EndTime "13:18:46 PDT"]
[Termination "Hikaru won by resignation"]

1. e4 e6 2. d4 d5 3. Nc3 Bb4 4. exd5 exd5 5. Bd3 c6 6. Nf3 Ne7 7. O-O Bd6 8. Re1 O-O 9. Bg5 f6 10. Bh4 Nf5 11. Bg3 Nxg3 12. hxg3 Bg4 13. Be2 Bd7 14. Nh4 g5 15. Nf3 g4 16. Nh2 f5 17. Bd3 Qf6 18.
Ne2 Be6 19. c3 Nd7 20. Nf4 Bxf4 21. gxf4 h5 22. Qd2 h4 23. Re2 Rf7 24. Rae1 Nf8 25. Re5 Bd7 26. Qc2 Kh8 27. Nf1 Ng6 28. g3 Nxe5 29. dxe5 Qh6 30. Ne3 Raf8 31. c4 hxg3 32. fxg3 Rh7 33. Bf1 d4 34. Bg2 dxe3 35. Rxe3 Be6 36.
Qd2 Rd7 37. Rd3 Rxd3 38. Qxd3 Re8 0-1

[Event "*** Titled Tuesday Blitz"]
[Site "Chess.com"]
[Date "2020.04.07"]
[Round "2"]
[White "GMMelik"]
[Black "LiemLe"]
[Result "0-1"]
[WhiteElo "2599"]
[BlackElo "2962"]
[TimeControl "180+1"]
[EndTime "13:18:46 PDT"]
[Termination "LiemLe won on time"]

1. d4 Nf6 2. Nc3 d5 3. Bg5 Nbd7 4. f3 c5 5. dxc5 e6 6. b4 a5 7. a3 h6 8. Bd2 Ne5 9. e3 b6 10. Na4 bxc5 11. Nxc5 Bxc5 12. bxc5 Qc7 13. Qb1 Rb8 14. Bb5+ Bd7 15. a4 Qxc5 16. Ne2 Bxb5 17. axb5 Rxb5 18. Qa2 Nc4 19. Nd4 Rb7 20. Qa4+ Nd7 21. Nb3 Qb6 22.
Nxa5 Ra7 23. Qb3 Qc7 24. Qb4 f5 25. O-O Nxd2 26. Qxd2 O-O 27. Nb3 Rb7 28. Qd4 Qxc2 29. Na5 Rb2 0-1

[Event "*** Titled Tuesday Blitz"]
[Site "Chess.com"]
[Date "2020.04.07"]
[Round "2"]
[White "shanemelaughcm"]
[Black "ChainsOfFantasia"]
[Result "1-0"]
[WhiteElo "2280"]
[BlackElo "2474"]
[TimeControl "180+1"]
[EndTime "13:18:46 PDT"]
[Termination "shanemelaughcm won on time"]

1. e4 e6 2. d4 d5 3. Nd2 c5 4. dxc5 Bxc5 5. exd5 Qxd5 6. Ngf3 Nf6 7. Bc4 Qc6 8. O-O O-O 9. c3 a6 10. Qe2 b5 11. Bd3 Bb7 12. Re1 Nbd7 13. Ne4 Rad8 14. Bg5 Be7 15. Rad1 h6 16. Bh4 Rfe8 17. Bb1 Nxe4 18.
Bxe4 Qxe4 19. Qxe4 Bxe4 20. Rxe4 Bxh4 21. Rxh4 e5 22. Re4 f5 23. Ree1 Kf7 24. Kf1 Kf6 25. Rd6+ Re6 26. Red1 Ke7 27. R6d5 g5 28. Re1 Rd6 29.
Red1 1-0

[Event "*** Titled Tuesday Blitz"]
[Site "Chess.com"]
[Date "2020.04.07"]
[Round "2"]
[White "Fy_Rakotomaharo"]
[Black "Fandorine"]
[Result "0-1"]
[WhiteElo "2601"]
[BlackElo "2969"]
[TimeControl "180+1"]
[EndTime "13:18:48 PDT"]
[Termination "Fandorine won by resignation"]

1. e4 e5 2. Nf3 Nc6 3. Bb5 a6 4.
Ba4 Nf6 5. O-O b5 6. Bb3 Bc5 7. c3 d6 8. d4 Bb6 9. Re1 O-O 10. h3 h6 11. Be3 Re8 12. Nbd2 Bb7 13. d5 Ne7 14. a4 Bxe3 15. Rxe3 Ng6 16. Qf1 c6 17. dxc6 Bxc6 18. axb5 axb5 19. Rae1 Rb8 20. g3 Qe7 21. Nh2 b4 22. c4 Nd7 23. Ng4 h5 24. Nh2 Nc5 25.
h4 Nf8 26. Nhf3 Nfe6 27. Bc2 g6 28. b3 Qf6 29. Qe2 Ra8 30. Qd1 Ra2 31. Qb1 Rea8 32. R3e2 Nd4 33. Nxd4 exd4 34. e5 dxe5 35. Rxe5 d3 0-1

[Event "*** Titled Tuesday Blitz"]
[Site "Chess.com"]
[Date "2020.04.07"]
[Round "2"]
[White "ajian"]
[Black "Ariadna_Atreides"]
[Result "0-1"]
[WhiteElo "2389"]
[BlackElo "2033"]
[TimeControl "180+1"]
[EndTime "13:18:48 PDT"]
[Termination "Ariadna_Atreides won by resignation"]

1. d4 e6 2. c4 Bb4+ 3. Bd2 Qe7 4.
Nf3 Nf6 5. Nc3 O-O 6. Qc2 c5 7. dxc5 Qxc5 8. e3 Nc6 9. Be2 d5 10. a3 Bxc3 11. Bxc3 dxc4 12. Bxf6 gxf6 13. Bxc4 Qa5+ 14.
Ke2 Ne5 15. Nxe5 Qxe5 16. f4 Qh5+ 17. Kf2 e5 18. Be2 Bg4 19. Bxg4 Qxg4 20. g3 Rac8 21. Qe4 f5 22. Qb1 e4 23. Re1 Rfd8 24. Re2 Qf3+ 25.
Ke1 Qh1+ 26. Kf2 Qxh2+ 27. Kf1 Qh1+ 28. Kf2 Qf3+ 29. Ke1 Qxg3+ 30. Kf1 Qf3+ 31. Ke1 Rd3 32. Qd1 Rxd1+ 33. Rxd1 Qh1+ 0-1

[Event "*** Titled Tuesday Blitz"]
[Site "Chess.com"]
[Date "2020.04.07"]
[Round "2"]
[White "SahajGrover"]
[Black "Martins-BR"]
[Result "1-0"]
[WhiteElo "2656"]
[BlackElo "2288"]
[TimeControl "180+1"]
[EndTime "13:18:49 PDT"]
[Termination "SahajGrover won by resignation"]

1. e4 c5 2. Nf3 e6 3. g3 Nc6 4. Bg2 d5 5. exd5 exd5 6. O-O Bd6 7. d4 c4 8. b3 cxb3 9. axb3 Nge7 10. c4 O-O 11.
Nc3 Bb4 12. Na2 Bd6 13. c5 Bc7 14. b4 a6 15. Qb3 h6 16. Nc3 Be6 17. Re1 Nf5 18.
Be3 Qd7 19. Rad1 Rad8 20. Ne5 Bxe5 21. dxe5 d4 22. Qb1 Nxe5 23. Bxd4 Nxd4 24. Rxe5 Qc7 25. Ree1 Nc6 26. Bd5 Rfe8 27. Bxe6 Rxd1 28. Bxf7+ Qxf7 29. Rxd1 Rf8 30. Ne4 Qf3 31. Re1 Nd4 32. Qd1 Qc3 33.
Nxc3 1-0

[Event "*** Titled Tuesday Blitz"]
[Site "Chess.com"]
[Date "2020.04.07"]
[Round "2"]
[White "vugarrasulov"]
[Black "djogrodek1"]
[Result "1-0"]
[WhiteElo "2768"]
[BlackElo "2513"]
[TimeControl "180+1"]
[EndTime "13:18:50 PDT"]
[Termination "vugarrasulov won by resignation"]

1. e4 c6 2. Nc3 d5 3. Nf3 dxe4 4. Nxe4 Nf6 5. Qe2 Na6 6. d4 Qd5 7. Nxf6+ gxf6 8. c4 Qa5+ 9. Bd2 Qb6 10. Bc3 Bf5 11.
a3 Bh6 12. g3 Qb3 13. c5 Nc7 14. Qc4 Qxc4 15. Bxc4 Be4 16. Ke2 Nd5 17. Rhe1 O-O-O 18. Nd2 Bg6 19. Nf1 e6 20. Ne3 Bh5+ 21. Kf1 Bf3 22.
Bd2 Bg7 23. Nc2 h5 24. h4 f5 25. Bd3 Nf6 26. Bg5 Rd7 27. Re3 Be4 28. Bxf6 Bxd3+ 29. Rxd3 Bxf6 30. Rad1 Rhd8 31. Ke2 Rg8 32. Ne3 Rgd8 33.
Nc4 Kc7 34. Nd6 Rg8 35. b4 Rg4 36. b5 b6 37. Ne8+ Kd8 38. Nxf6 1-0

[Event "*** Titled Tuesday Blitz"]
[Site "Chess.com"]
[Date "2020.04.07"]
[Round "2"]
[White "Caclox"]
[Black "Sviridov_Valery"]
[Result "0-1"]
[WhiteElo "2498"]
[BlackElo "2742"]
[TimeControl "180+1"]
[EndTime "13:18:51 PDT"]
[Termination "Sviridov_Valery won by resignation"]

1. e4 g6 2. d4 Bg7 3. Nc3 d6 4. Be3 a6 5. a4 b6 6. g4 e6 7. Bg2 Bb7 8. Nge2 Nd7 9. O-O Ne7 10. Ng3 O-O 11. Qd2 f5 12. exf5 Bxg2 13. Kxg2 exf5 14. g5 d5 15. Nce2 Qe8 16. Nf4 Qf7 17. h4 Nc8 18.
f3 Nd6 19. b3 Rfe8 20. c3 Re7 21. Bf2 Rae8 22. Rae1 Nf8 23. Rxe7 Rxe7 24. Re1 a5 25. Re3 Ne6 26. Nge2 c6 27. Nxe6 Rxe6 28. Nf4 Rxe3 29. Qxe3 Qe8 30. Kf1 Qxe3 31. Bxe3 Kf7 32. Ke2 b5 33.
axb5 Nxb5 34. Bd2 Bf8 35. Kd3 Bd6 36. c4 dxc4+ 37. bxc4 Nc7 38. Ne2 a4 39. Nc3 a3 40.
Bc1 Ne6 41. Ne2 a2 42. Bb2 Nf4+ 43. Nxf4 Bxf4 44. Kc2 Bg3 45. Kb3 Bxh4 46. Kxa2 Bxg5 47. Kb3 h5 48. Kc2 h4 49. Kd3 h3 50. Ke2 h2 0-1

[Event "*** Titled Tuesday Blitz"]
[Site "Chess.com"]
[Date "2020.04.07"]
[Round "2"]
[White "mersad_98"]
[Black "Everyfishknows"]
[Result "1-0"]
[WhiteElo "2706"]
[BlackElo "2349"]
[TimeControl "180+1"]
[EndTime "13:18:53 PDT"]
[Termination "mersad_98 won by checkmate"]

1. e4 e5 2. Nf3 Nc6 3. Bb5 a6 4. Ba4 Nf6 5. O-O Be7 6. Re1 b5 7. Bb3 d6 8. c3 O-O 9. h3 Bb7 10. d4 Re8 11. Nbd2 Bf8 12. Bc2 h6 13. a3 Nb8 14. b4 Nbd7 15. Bb2 c5 16. bxc5 dxc5 17. d5 c4 18. Nf1 g6 19. a4 Nc5 20. Ba3 Bd6 21. Qd2 Kg7 22. Qe3 Qc7 23. Ng3 Rac8 24. Nh4 Ng8 25. axb5 axb5 26. Bb4 Kh7 27. Ra7 Ra8 28.
Bxc5 Bxc5 29. Rxb7 Bxe3 30. Rxc7 Bd2 31. Rxf7+ Kh8 32.
Nxg6# 1-0

[Event "*** Titled Tuesday Blitz"]
[Site "Chess.com"]
[Date "2020.04.07"]
[Round "2"]
[White "AsaHoffmann"]
[Black "IMDT02"]
[Result "1-0"]
[WhiteElo "2263"]
[BlackElo "2466"]
[TimeControl "180+1"]
[EndTime "13:18:53 PDT"]
[Termination "AsaHoffmann won by resignation"]

1. d4 Nf6 2. Bg5 e6 3. Nd2 h6 4.
Bh4 Be7 5. e3 d5 6. Bd3 b6 7. f4 Bb7 8. Ngf3 Nbd7 9. Ne5 Nxe5 10.
fxe5 Ne4 11. Bxe7 Qxe7 12. Bxe4 dxe4 13. Qg4 Qg5 14. Qe2 O-O 15. O-O c5 16. c3 cxd4 17.
cxd4 Bd5 18. Rf4 Qg6 19. Rg4 Qh7 20. Rf1 Rac8 21. Qe1 Rc2 22. h3 Rxb2 23. Qc1 Rxa2 24. Rf2 a5 25. Qc7 Rb2 26. Nxe4 Rxf2 27. Nxf2 h5 28.
Rf4 Qb1+ 29. Kh2 a4 30. e4 a3 31. exd5 a2 32. dxe6 a1=Q 33. exf7+ Kh8 34. Qe7 Qg1+ 35. Kg3 Qc3+ 36. Rf3 Qc8 37. e6 Qgc1 38. Rf5 Qh6 39. d5 Qg6+ 40. Rg5 Qf6 41. Rxh5+ Qh6 42. Rxh6+ gxh6 43. Qf6+ Kh7 44. Ng4 1-0

[Event "*** Titled Tuesday Blitz"]
[Site "Chess.com"]
[Date "2020.04.07"]
[Round "2"]
[White "ChristianAlm"]
[Black "annacramling"]
[Result "1-0"]
[WhiteElo "2401"]
[BlackElo "1960"]
[TimeControl "180+1"]
[EndTime "13:18:54 PDT"]
[Termination "ChristianAlm won on time"]

1. d4 Nf6 2. Bg5 d5 3. Nd2 e6 4. e3 c5 5. c3 Nc6 6. f4 b6 7.
Ngf3 Be7 8. Bd3 O-O 9. O-O Bb7 10. Ne5 h6 11. Bh4 Qc7 12. Qf3 Ne4 13. Nxe4 dxe4 14. Bxe4 Nxe5 15. fxe5 Bxh4 16. Bxb7 Rab8 17. Be4 Bg5 18.
Rac1 f5 19. exf6 Rxf6 20. Qh3 Rbf8 21. Rxf6 Rxf6 22. Rf1 Rxf1+ 23. Kxf1 Qf7+ 24. Ke2 Qf6 25. d5 exd5 26. Bxd5+ Kh7 27. Be4+ Kg8 28. Qc8+ Qd8 29. Qe6+ Kh8 30. Qf5 Qg8 31. b3 1-0

[Event "*** Titled Tuesday Blitz"]
[Site "Chess.com"]
[Date "2020.04.07"]
[Round "2"]
[White "sandromareco"]
[Black "asms9699"]
[Result "1-0"]
[WhiteElo "2907"]
[BlackElo "2579"]
[TimeControl "180+1"]
[EndTime "13:18:55 PDT"]
[Termination "sandromareco won by resignation"]

1. Nf3 d5 2. e3 Nf6 3. c4 c6 4. Nc3 a6 5. d4 g6 6. h3 Bg7 7.
Bd3 O-O 8. O-O dxc4 9. Bxc4 b5 10. Bd3 c5 11. a4 b4 12. Ne4 cxd4 13. Nxd4 Bb7 14.
Nc5 Bd5 15. Bd2 Qb6 16. Ndb3 a5 17. e4 Bc6 18. Be3 Qd8 19. Rc1 Nfd7 20. Qe2 Ne5 21.
Bb5 Bxb5 22. Qxb5 Qe8 23. Qxe8 Rxe8 24. Rfd1 Nec6 25. Rc2 Na6 26. Nd7 Ne5 27. Nb6 Rab8 28. f4 Bh6 29. Nxa5 f6 30. b3 Red8 31. Rxd8+ Rxd8 32. Nd5 Nd3 33. Nc6 Rd6 34. Ncxe7+ Kf7 35. g3 Re6 36. Rc6 Rxe4 37. Rxa6 g5 38. Nf5 Bf8 39.
Rxf6+ Kg8 40. fxg5 Nc5 41. Rxf8+ Kxf8 42. Bxc5+ Kf7 43.
Nd6+ 1-0

[Event "*** Titled Tuesday Blitz"]
[Site "Chess.com"]
[Date "2020.04.07"]
[Round "2"]
[White "bangchess21"]
[Black "quesfr"]
[Result "1-0"]
[WhiteElo "2646"]
[BlackElo "2191"]
[TimeControl "180+1"]
[EndTime "13:18:55 PDT"]
[Termination "bangchess21 won by resignation"]

1. e4 e6 2. d4 d5 3. Nc3 Nf6 4. Bg5 dxe4 5. Nxe4 Be7 6. Bxf6 Bxf6 7. Nf3 Nd7 8. Qd2 b6 9. Bd3 Bb7 10. O-O-O Be7 11. h4 c6 12. Qf4 Qb8 13. Qg4 g6 14.
Neg5 Nf6 15. Qh3 Bc8 16. Ne5 Rf8 17. Nxc6 Qf4+ 18. Qe3 Nd5 19. Qxf4 Nxf4 20. Be4 Bxg5 21.
hxg5 Bb7 22. g3 Nd5 23. Bxd5 exd5 24. Ne5 Rh8 25. Rde1 Kf8 26. Ng4 Kg7 27. Re7 Bc8 28.
Nh6 Be6 29. Re1 Bf5 1-0

[Event "*** Titled Tuesday Blitz"]
[Site "Chess.com"]
[Date "2020.04.07"]
[Round "2"]
[White "tonyq11"]
[Black "vladimirdamjanovic"]
[Result "0-1"]
[WhiteElo "2276"]
[BlackElo "2505"]
[TimeControl "180+1"]
[EndTime "13:18:55 PDT"]
[Termination "vladimirdamjanovic won on time"]

1. d4 Nf6 2. c4 c5 3. d5 b5 4.
cxb5 a6 5. b6 g6 6. Nc3 Bg7 7.
e4 d6 8. Nf3 O-O 9. h3 Nbd7 10.
a4 a5 11. Bb5 Nxb6 12. O-O e6 13. Bf4 exd5 14. exd5 Bb7 15. Bc6 Bxc6 16. dxc6 d5 17. c7 Qd7 18. Ne5 Qf5 19. Bh2 d4 20. Nb5 Ne4 21. Nc6 Qd7 22. Ne5 Qf5 23. Nc6 Qd7 24. Ne5 Qd5 25. Nd3 c4 26. Nf4 Qc5 27. Rc1 Rac8 28.
Nd3 Qf5 29. Nf4 Bh6 30. Ne2 d3 31. Ned4 Qd5 32. b3 Bxc1 33. bxc4 Qxc4 34. Qxc1 Qxc1 35. Rxc1 d2 36. Rd1 Nxa4 37. f3 Nb2 38. fxe4 Nxd1 39. Bf4 Ne3 0-1

[Event "*** Titled Tuesday Blitz"]
[Site "Chess.com"]
[Date "2020.04.07"]
[Round "2"]
[White "Jeffinho023"]
[Black "lucasran"]
[Result "1-0"]
[WhiteElo "2450"]
[BlackElo "2703"]
[TimeControl "180+1"]
[EndTime "13:18:56 PDT"]
[Termination "Jeffinho023 won on time"]

1. d4 Nf6 2. Nf3 b6 3. g3 Bb7 4.
Bg2 e6 5. O-O Be7 6. c4 O-O 7. Nc3 Ne4 8. Bd2 f5 9. Rc1 Bf6 10. d5 c5 11. Qc2 Bxc3 12. Bxc3 exd5 13. cxd5 Bxd5 14. Rcd1 Nxc3 15. Qxc3 Be4 16. Ne5 Bxg2 17. Kxg2 Qf6 18. Qf3 Qxe5 19. Qxa8 Nc6 20. Qb7 Nd4 21. e3 Ne6 22. Rxd7 Qxb2 23. Qd5 Qf6 24. Rxa7 Kh8 25. Ra8 h5 26. Rxf8+ Nxf8 27. h4 Ng6 28. Rd1 Kh7 29. Qf3 Kh6 30. e4 f4 31. Rd5 1-0

[Event "*** Titled Tuesday Blitz"]
[Site "Chess.com"]
[Date "2020.04.07"]
[Round "2"]
[White "BabyFacedAssasin"]
[Black "grzechu96"]
[Result "0-1"]
[WhiteElo "2311"]
[BlackElo "2596"]
[TimeControl "180+1"]
[EndTime "13:18:56 PDT"]
[Termination "grzechu96 won by resignation"]

1. e4 c5 2. Nc3 a6 3. Nf3 b5 4. d4 cxd4 5. Nxd4 Bb7 6. g3 d6 7. Bg2 e5 8. Nf5 Nf6 9. Ne3 Nbd7 10. Ncd5 Be7 11. Nf5 Nxd5 12. Nxg7+ Kf8 13. Bh6 Qa5+ 14. c3 N5f6 15. b4 Qb6 16. O-O Rg8 17. Nf5+ Ke8 18. Be3 Qc7 19. f4 Nxe4 20. Nxe7 Kxe7 21.
fxe5 Nxe5 22. Qh5 Nf6 23. Qh4 Rg6 24. Bxb7 Qxb7 25. Bd4 Qe4 26. Rae1 Qxh4 27. Bxe5 dxe5 28. Rxe5+ Kf8 29. Ref5 Qe4 30. R5f3 Rd8 31. Rf4 Qe3+ 32. Kg2 Rd2+ 33. Kh3 Rh6+ 0-1

[Event "*** Titled Tuesday Blitz"]
[Site "Chess.com"]
[Date "2020.04.07"]
[Round "2"]
[White "narutosmith"]
[Black "pooh2012"]
[Result "0-1"]
[WhiteElo "2204"]
[BlackElo "2460"]
[TimeControl "180+1"]
[EndTime "13:18:56 PDT"]
[Termination "pooh2012 won by resignation"]

1. c4 d6 2. Nc3 e5 3. d4 exd4 4. Qxd4 Nc6 5. Qd2 Be6 6. b3 g6 7. Bb2 Bg7 8. g3 h5 9. h3 Qd7 10. Bg2 O-O-O 11. O-O-O Kb8 12. e3 Nge7 13. Nge2 Nf5 14.
Nf4 g5 15. Nfd5 g4 16. hxg4 hxg4 17. Nb5 Bxd5 18. cxd5 Ne5 19. Qa5 a6 20. Nd4 Nxd4 21. Bxd4 Rxh1 22. Bxh1 Qf5 23. Qd2 Rh8 24. e4 Qg6 25.
Bg2 Rh2 26. Rg1 Bh6 27. Be3 Bg7 28. Qe2 f5 29. Bf4 Qf6 30. Bxe5 Qxe5 31. exf5 Qxe2 0-1

[Event "*** Titled Tuesday Blitz"]
[Site "Chess.com"]
[Date "2020.04.07"]
[Round "2"]
[White "Zavgorodniy_Serg"]
[Black "DerKnipser"]
[Result "1-0"]
[WhiteElo "2665"]
[BlackElo "2304"]
[TimeControl "180+1"]
[EndTime "13:18:57 PDT"]
[Termination "Zavgorodniy_Serg won by checkmate"]

1. e4 c5 2. Nf3 d6 3. c3 Nf6 4.
Bc4 Qa5 5. Qe2 Nc6 6. h3 e6 7. O-O a6 8. Bb3 Be7 9. d4 cxd4 10. cxd4 d5 11. e5 Nd7 12. Rd1 O-O 13. Nbd2 b5 14. Nf1 Bb7 15. Bc2 Rfc8 16. Bb1 Nf8 17. Ng3 Qb6 18.
Be3 b4 19. Qd3 a5 20. Ng5 Ba6 21. Qd2 a4 22. f4 Na5 23. Qf2 Nc4 24. Bc1 Bxg5 25.
fxg5 g6 26. h4 Ra7 27. h5 Rac7 28. Nf1 Nd7 29. Nh2 Ncxe5 30. Bf4 Nc4 31. Bxc7 Qxc7 32. Ng4 f5 33. gxf6 Rf8 34. hxg6 hxg6 35. Bxg6 Nd6 36.
Qh4 Nf5 37. Qh7# 1-0

[Event "*** Titled Tuesday Blitz"]
[Site "Chess.com"]
[Date "2020.04.07"]
[Round "2"]
[White "Siemba"]
[Black "littleozy"]
[Result "0-1"]
[WhiteElo "2234"]
[BlackElo "2475"]
[TimeControl "180+1"]
[EndTime "13:18:57 PDT"]
[Termination "littleozy won by checkmate"]

1. e4 c6 2. d4 d5 3. Nd2 dxe4 4. Nxe4 Bf5 5. Ng3 Bg6 6. h4 h6 7. Nf3 Nd7 8. h5 Bh7 9. Bd3 Bxd3 10. Qxd3 e6 11.
Bd2 Ngf6 12. O-O-O Be7 13. Kb1 a5 14. Rhe1 a4 15.
Ne4 Nxe4 16. Qxe4 Nf6 17. Qe2 a3 18. b3 O-O 19. Bc3 Nd5 20. Ba1 b5 21. g3 Qb6 22. Ne5 Rfd8 23. Qf3 Bf6 24. g4 Qc7 25. Qg3 Rac8 26. Qd3 c5 27. Qxb5 cxd4 28. Nc4 Rb8 29. Qa4 Ra8 30. Qxa8 Rxa8 31. Bxd4 Bxd4 32. Rxd4 Qc5 33.
Rd3 Rb8 34. Ka1 Nb4 35. Rd2 Qg5 36. Rde2 Qf6+ 37. c3 Qxc3+ 38. Kb1 Nd3 39. Rd1 Qxc4 40. Rc2 Qe4 41. Rcd2 Nxf2+ 42. Ka1 Nxd1 43. Rxd1 Qe5+ 44.
Kb1 Qb2# 0-1

[Event "*** Titled Tuesday Blitz"]
[Site "Chess.com"]
[Date "2020.04.07"]
[Round "2"]
[White "AttilaTurzo"]
[Black "Eloist"]
[Result "1-0"]
[WhiteElo "2496"]
[BlackElo "2266"]
[TimeControl "180+1"]
[EndTime "13:18:58 PDT"]
[Termination "AttilaTurzo won by checkmate"]

1. d4 e6 2. Nf3 Nf6 3. Bf4 d5 4.
e3 c5 5. Nbd2 Nc6 6. c3 Bd6 7.
Bg3 O-O 8. Bd3 b6 9. Qe2 Qc7 10. e4 dxe4 11. Nxe4 Nxe4 12. Bxe4 cxd4 13. Nxd4 Nxd4 14.
cxd4 Rb8 15. O-O Bxg3 16. hxg3 Bb7 17. Rad1 Rfd8 18. Rc1 Qd7 19. Rfd1 Rbc8 20. Rxc8 Qxc8 21. Bf3 Bxf3 22. gxf3 Rd5 23. Qe3 h5 24. Rc1 Qd7 25.
Rc4 b5 26. Rc5 Rxd4 27. Rxh5 Rd2 28. Qc3 f6 29. Kg2 e5 30. Rh1 Qd4 31. Qc8+ Qd8 32. Qe6+ Kf8 33. Rh8# 1-0

[Event "*** Titled Tuesday Blitz"]
[Site "Chess.com"]
[Date "2020.04.07"]
[Round "2"]
[White "TheKingDoctor"]
[Black "Perimir"]
[Result "0-1"]
[WhiteElo "2090"]
[BlackElo "2411"]
[TimeControl "180+1"]
[EndTime "13:18:58 PDT"]
[Termination "Perimir won on time"]

1. e4 c5 2. c3 Nf6 3. e5 Nd5 4. d4 cxd4 5. Nf3 d6 6. cxd4 Nc6 7. Bc4 e6 8. O-O Be7 9. Qe2 O-O 10. Nc3 Nxc3 11.
bxc3 dxe5 12. dxe5 Qa5 13. Bd2 Rd8 14. Rfe1 Bd7 15.
Qe4 Qa4 16. Bg5 h6 17. Bxe7 Nxe7 18. Bd3 Qxe4 19. Bxe4 Bc6 20. Rab1 Rd7 21. Nd4 Bxe4 22. Rxe4 Rc8 23. Nb5 a6 24. Nd6 Rxc3 25. h3 b5 26. a4 bxa4 27. Rxa4 Ng6 28. Rb8+ Kh7 29. f4 f6 30. Ra5 fxe5 31. fxe5 Nxe5 32. Ne4 Rc1+ 33.
Kh2 Nc6 34. Rc5 Rxc5 35. Nxc5 Nxb8 0-1

[Event "*** Titled Tuesday Blitz"]
[Site "Chess.com"]
[Date "2020.04.07"]
[Round "2"]
[White "Micki-taryan"]
[Black "vinniethepooh"]
[Result "1-0"]
[WhiteElo "3067"]
[BlackElo "2620"]
[TimeControl "180+1"]
[EndTime "13:18:59 PDT"]
[Termination "Micki-taryan won by resignation"]

1. d4 f6 2. c4 e5 3. Nc3 Nc6 4.
Nf3 Bb4 5. e3 Nh6 6. Bd3 Qe7 7.
Bc2 e4 8. Nd2 Bxc3 9. bxc3 f5 10.
Qh5+ Qf7 11. Qxf7+ Kxf7 12. f3 exf3 13. gxf3 d6 14.
Kf2 g6 15. h4 Bd7 16. e4 fxe4 17. Nxe4 Nf5 18. h5 Rae8 19. Bg5 h6 20. hxg6+ Kxg6 21. Bd2 Nce7 22. Rag1+ Kf7 23. Rh5 Be6 24. Rgh1 Ng7 25.
Ng5+ hxg5 26. Rxh8 Rxh8 27. Rxh8 Bxc4 28. Bb3 Bxb3 29.
axb3 Ne6 30. Ra8 a6 31. Ra7 b5 32. Rxa6 Nd5 33. Ra5 c6 34. Ra6 Ne7 35. Be3 Nc7 36. Ra7 Ne6 37. c4 bxc4 38. bxc4 Kf6 39. Ra6 Nf5 40.
Rxc6 Nexd4 41. Bxd4+ Nxd4 42. Rxd6+ Ke5 43. Rd5+ 1-0